 Dungeon Crawl Stone Soup version 0.29-a0-359-g541a27f54d (webtiles) character file.

Game seed: 4464351049164904013

89 chopper the Shield-Bearer (level 4, -3/40 HPs)
             Began as a Minotaur Fighter on Apr 28, 2022.
             Slain by a kobold
             ... wielding a +0 whip
              (4 damage)
             ... on level 4 of the Dungeon.
             The game lasted 00:14:19 (2892 turns).

chopper the Shield-Bearer (Minotaur Fighter)        Turns: 2892, Time: 00:14:20

Health: -3/40      AC: 10    Str: 28 (29) XL:     4   Next: 31%
Magic:  3/3        EV:  8    Int:  4 (5)  God:
Gold:   28         SH:  4    Dex:  7 (9)  Spells: 3/3 levels left

rFire   . . .      SeeInvis .   a - +0 war axe
rCold   . . .      Faith    .   c - +0 buckler
rNeg    . . .      Spirit   .   s - +0 chain mail
rPois   .          Reflect  .   (helmet restricted)
rElec   .          Harm     .   (no cloak)
rCorr   .          Rampage  .   m - +0 pair of gloves
Will    .....                   (no boots)
Stlth   ..........              (no amulet)
HPRegen 0.13/turn               g - +6 ring of strength
MPRegen 0.08/turn               (no ring)

@: no status effects
A: horns 2, retaliatory headbutt
a: no special abilities


You were on level 4 of the Dungeon.
You visited 1 branch of the dungeon, and saw 4 of its levels.

You collected 166 gold pieces.
You spent 138 gold pieces at shops.

Inventory:

Hand Weapons
 a - a +0 war axe (weapon)
Missiles
 o - 53 stones (quivered)
Armour
 c - a +0 buckler (worn)
 m - a +0 pair of gloves (worn)
 s - a +0 chain mail (worn)
Jewellery
 g - a +6 ring of strength (left hand)
 t - a ring of protection from cold
Scrolls
 b - a scroll of enchant armour
 e - 4 scrolls of noise
 f - 2 scrolls of teleportation
 i - a scroll of summoning {unknown}
 k - 2 scrolls of enchant weapon {unknown}
 l - a scroll of immolation {unknown}
 p - a scroll of fear {unknown}
Potions
 d - a potion of might
 h - a potion of magic {unknown}
 j - a potion of lignification {unknown}
 n - 2 potions of haste
 r - a potion of degeneration


   Skills:
 + Level 4.2 Fighting
 + Level 3.7 Axes
 + Level 4.2 Armour
 + Level 0.4 Dodging
 + Level 0.5 Stealth
 + Level 4.3 Shields


You had 3 spell levels left.
You didn't know any spells.
Your spell library contained the following spells:

 Spells                   Type           Power      Damage    Failure   Level
 Gell's Gravitas          Tloc           0%         N/A       100%        3
 Ozocubu's Armour         Ice            0%         N/A       100%        3
 Teleport Other           Tloc           0%         N/A       100%        3
 Metabolic Englaciation   Hex/Ice        0%         N/A       100%        5
 Dispersal                Tloc           0%         N/A       100%        6
 Simulacrum               Ice/Necr       0%         N/A       100%        6


Dungeon Overview and Level Annotations

Branches:
Dungeon (4/15)
 Temple: D:4-7

Altars:
Cheibriados

Shops:
D:1 ?


Innate Abilities, Weirdness & Mutations

You have a pair of horns on your head.
You reflexively headbutt those who attack you in melee.


Message History

Deactivating autopickup; reactivate with Ctrl-A.
The orc priest mumbles some strange prayers to Beogh against you.
Beogh smites you!
* * * LOW HITPOINT WARNING * * *
It was a potion of degeneration.
There was something very wrong with that liquid.
You feel weakened.
You feel dopey.
You feel clumsy.
* * * LOW HITPOINT WARNING * * *
You feel sick. The dart slug launches a dart at you. The slug dart hits you.
* * * LOW HITPOINT WARNING * * *
It was a potion of curing.
You feel better.
The orc priest calls down the wrath of Beogh upon you.
Pain shoots through your body!
* * * LOW HITPOINT WARNING * * *
As you read the scroll of teleportation, it crumbles to dust.
You feel strangely unstable.
You hear some strange, mumbled words.
A magic dart appears from out of thin air!
The magic dart hits you.
* * * LOW HITPOINT WARNING * * *
You hear some strange, mumbled words.
Something tries to affect you, but you resist.
The dart slug launches a dart at you.
The slug dart hits you but does no damage.
The dart slug launches a dart at you.
The slug dart hits you but does no damage.
There is an open door here.
Your surroundings suddenly seem different.
A kobold, a ball python, 4 jackals and a goblin come into view.
Found 27 gold pieces.
The jackal barks! x4; You hear a bark!
You hear a shout!
The jackal bites you but does no damage.
You block the jackal's attack.
The jackal bites you but does no damage.
The goblin hits you with a +0 club.
* * * LOW HITPOINT WARNING * * *
The kobold hits you with a +0 whip.
You die...

......... #.
#....... #.
#......##
#..#....h..#
###..#.......#
.........S..#
......hh....#
......h....#
......K@.###
.$.....g.#
.........#
...$.....#
.........#
...##....# ...
...... ..
.......


You could see 4 jackals, a goblin, a ball python and a kobold.

Vanquished Creatures
  3 adders (D:2)
  A worm (D:2)
  A dart slug (D:2)
  7 endoplasms
  A giant cockroach (D:2)
  11 goblins
  5 hobgoblins
  4 kobolds (D:1)
  3 quokkas
  7 ball pythons
  6 bats
  2 frilled lizards (D:1)
  3 rats
54 creatures vanquished.

Vanquished Creatures (others)
  9 fungi (D:2)
  A plant (D:2)
10 creatures vanquished.

Grand Total: 64 creatures vanquished

Notes
Turn   | Place    | Note
-------+----------+-------------------------------------------
     0 | D:1      | chopper the Minotaur Fighter began the quest for the Orb.
     0 | D:1      | Reached XP level 1. HP: 19/19 MP: 0/0
    43 | D:1      | Found Tahorec's Magic Scroll Emporium.
   185 | D:1      | Reached XP level 2. HP: 12/27 MP: 1/1
   699 | D:1      | Bought a scroll of identify for 24 gold pieces
   946 | D:1      | Reached XP level 3. HP: 30/33 MP: 2/2
  1126 | D:1      | Bought a scroll of identify for 24 gold pieces
  1823 | D:2      | Reached XP level 4. HP: 36/40 MP: 3/3
  1978 | D:2      | Found a faded altar of an unknown god.
  2319 | D:3      | Found a snail-covered altar of Cheibriados.
  2564 | D:1      | Bought a scroll of enchant armour for 90 gold pieces
  2892 | D:4      | HP: 1/40 [goblin/+0 club (2)]
  2892 | D:4      | Slain by a kobold

Illustrated notes

Levels and vault maps discovered:
D:1:      dpeg_arrival_line_fractal, layout_basic, serial_shops, shop_scrolls
D:2:      layout_loops_ring, shapermc_ecumenical_altar_hornbeckon
D:3:      minmay_diamond_boxcup, layout_loops_cross,
          lemuel_coloured_pillars_altar, serial_shops, shop
D:4:      layout_basic, kennysheep_orc_sif_temple, gammafunk_ghost_grave,
          uniq_grinder

Skill      XL: |  1  2  3 |
---------------+----------+-----
Shields        | 4 |  4.3
Fighting       | 4 |  4.2
Axes           | 3 |  3.7
Armour         | 4 |  4.2
Dodging        | |  0.4
Stealth        | |  0.5

Action                   |  1- 3 |  4- 6 || total
-------------------------+-------+-------++-------
Melee: War axe           |    86 |    23 ||   109
       Headbutt          |    12 |     4 ||    16
  Use: Scroll            |     3 |     1 ||     4
       Potion            |       |     2 ||     2
Armor: Scale mail        |    50 |     1 ||    51
       Chain mail        |       |    11 ||    11
Dodge: Dodged            |    54 |    11 ||    65
Block: Buckler           |    31 |     3 ||    34

Table legend: (Time is in decaauts)
 A = Elapsed time spent in this place.
 B = Non-inter-level travel time spent in this place.
 C = Inter-level travel time spent in this place.
 D = Time resting spent in this place.
 E = Time spent auto-exploring this place.
 F = Levels seen in this place.
 G = Mean time per level.
                   A        B        C        D        E       F      G
               +--------+--------+--------+--------+--------+-----+--------+
         Total |   2943 |   2943 |      0 |    523 |      0 |   4 |  735.8 |
       Dungeon |   2943 |   2943 |      0 |    523 |      0 |   4 |  735.8 |
               +--------+--------+--------+--------+--------+-----+--------+

Top non-repeatable levels by time:
     D:1: 1283 daAuts
     D:2: 1029 daAuts
     D:3: 591 daAuts
     D:4: 39 daAuts
